 Dungeon Crawl Stone Soup version 0.32-a0-450-g080537f31e (webtiles) character file.

Game seed: 139309770461518133

695 Dittersdorf the Trooper (level 7, -7/44 HPs)
             Began as a Gargoyle Fighter on Feb 23, 2024.
             Mangled by an ogre
             ... wielding a +0 giant club
              (18 damage)
             ... on level 5 of the Dungeon.
             The game lasted 00:04:19 (3741 turns).

Dittersdorf the Trooper (Gargoyle Fighter)          Turns: 3741, Time: 00:04:20

Health: -7/44      AC: 12    Str: 27    XL:     7   Next: 64%
Magic:  7/7        EV:  8    Int:  9    God:
Gold:   320        SH:  5    Dex: 15    Spells: 6/6 levels left

rFire   . . .        o - +0 whip (elec)
rCold   . . .        c - +0 buckler
rNeg    + . .        j - +0 chain mail
rPois   ∞            e - +0 helmet
rElec   +            (no cloak)
rCorr   .            (no gloves)
SInv    .            (no boots)
Will    .....        b - amulet of the acrobat Stlth
                     m - +6 ring of strength
HPRegen 0.27/turn    p - +6 ring of dexterity
MPRegen 0.10/turn

%: acrobat
@: corroded
A: sickness immunity, AC +4, negative energy resistance 1, electricity
resistance, torment resistance 1, petrification resistance
a: no special abilities


You were on level 5 of the Dungeon.
You visited 1 branch of the dungeon, and saw 5 of its levels.

You collected 320 gold pieces.

Inventory:

Hand Weapons
 a - a +0 flail
 o - a +0 whip of electrocution (weapon)
Missiles
 k - 2 throwing nets (quivered)
Armour
 c - a +0 buckler (worn)
 e - a +0 helmet (worn)
 j - a +0 chain mail (worn)
Jewellery
 b - an amulet of the acrobat (around neck)
 l - a ring of see invisible
 m - a +6 ring of strength (left hand)
 p - a +6 ring of dexterity (right hand)
Wands
 t - a wand of paralysis (5)
Scrolls
 i - 3 scrolls of teleportation
 n - a scroll of silence
 r - a scroll of fog
Potions
 d - 3 potions of might
 g - a potion of curing
 h - a potion of berserk rage
 q - a potion of heal wounds


   Skills:
 + Level 5.5 Fighting
 + Level 4.4 Maces & Flails
 + Level 5.5 Armour
 + Level 5.5 Shields


You had 6 spell levels left.
You didn't know any spells.
Your spell library was empty.

Dungeon Overview and Level Annotations

Branches:
Dungeon (5/15)
 Temple: D:4-7

Altars:
Cheibriados
Qazlal
Ru
Xom


Innate Abilities, Weirdness & Mutations

You are immune to sickness and miasma.
Your stone body is resilient. (AC +4)
You are immune to poison.
You resist negative energy. (rN+)
You are resistant to electric shocks. (rElec)
You are resistant to unholy torment.
You are immune to petrification.


Message History

The jelly hits you.
You are splashed with acid!
You whack the jelly!
Your hands burn!
The jelly is severely wounded.
You block the ogre's attack. The jelly hits you but does no damage.
You hit the jelly.
Your hands burn!
The jelly is almost dead.
You block the jelly's attack.
You hit the jelly. Lightning courses through the jelly!
You kill the jelly!
You block the ogre's attack.
You barely miss the ogre. You hit the ogre.
The ogre is lightly wounded.
The ogre hits you with a +0 giant club!!
* * * LOW HITPOINT WARNING * * *
You are too injured to fight recklessly!
You are too injured to fight recklessly!
You are too injured to fight recklessly!
You are too injured to fight recklessly!
You are too injured to fight recklessly!
You are too injured to fight recklessly!
You are too injured to fight recklessly!
You are too injured to fight recklessly!
You are too injured to fight recklessly!
You are too injured to fight recklessly!
You are too injured to fight recklessly!
You are too injured to fight recklessly!
You are too injured to fight recklessly!
You are too injured to fight recklessly!
You are too injured to fight recklessly!
You are too injured to fight recklessly!
You hit the ogre. Lightning courses through the ogre!
The ogre is severely wounded.
The ogre closely misses you.
You barely miss the ogre.
The ogre is severely wounded.
You hit the ogre.
The ogre is severely wounded.
The ogre hits you with a +0 giant club!!
You die...

.... .... .+ ..... ...
..... .. ...... # .#
#####...!.. ####.#####
###.#........ #.........
#...'@....... '.........
#...#O....... #.........
#...#........ #....##+#
#..##........
#....##.####..######....
#.............# ....
#.............# ...
#.............# ..
+.?...........#


You could see an ogre.

Vanquished Creatures
  Sigmund (D:3)
  A phantom (D:5)
  A jelly (D:5)
  3 hounds
  An orc priest (D:4)
  An iguana (D:4)
  Robin (D:2)
  8 gnolls
  8 adders
  3 dart slugs
  10 orcs
  6 ball pythons
  11 endoplasms
  5 giant cockroaches
  9 hobgoblins
  4 jackals
  4 kobolds
  4 quokkas
  8 bats
  4 frilled lizards
  13 goblins
  6 rats
112 creatures vanquished.

Notes
Turn   | Place    | Note
-------+----------+-------------------------------------------
     0 | D:1      | Dittersdorf the Gargoyle Fighter began the quest for the
                  | Orb.
     0 | D:1      | Reached XP level 1. HP: 14/14 MP: 1/1
    76 | D:1      | Reached XP level 2. HP: 14/19 MP: 2/2
   228 | D:1      | Reached XP level 3. HP: 12/23 MP: 3/3
   879 | D:2      | Reached XP level 4. HP: 29/29 MP: 4/4
   967 | D:2      | Found a sacrificial altar of Ru.
  1278 | D:2      | Reached XP level 5. HP: 22/33 MP: 5/5
  1410 | D:2      | Noticed Robin
  1426 | D:2      | Killed Robin
  1887 | D:3      | Reached XP level 6. HP: 13/39 MP: 6/6
  2395 | D:3      | Noticed Sigmund
  2403 | D:3      | Killed Sigmund
  2404 | D:3      | Reached skill level 5 in Fighting
  2404 | D:3      | Reached skill level 5 in Armour
  2404 | D:3      | Reached skill level 5 in Shields
  2404 | D:3      | Reached XP level 7. HP: 38/44 MP: 7/7
  3570 | D:5      | Entered Level 5 of the Dungeon
  3570 | D:5      | Found a stormy altar of Qazlal.
  3570 | D:5      | Found a snail-covered altar of Cheibriados.
  3570 | D:5      | Found a shimmering altar of Xom.
  3741 | D:5      | Mangled by an ogre

Illustrated notes

Levels and vault maps discovered:
D:1:      dpeg_arrival_boxorama, layout_rooms
D:2:      minmay_door_path, layout_basic, basic_altar, nicolae_grassy_gnolls,
          uniq_robin
D:3:      layout_basic, uniq_sigmund
D:4:      layout_cave_pools, kennysheep_generic_room_15
D:5:      layout_gridville, grunt_temple_overflow_open, cheibrodos_gnoll_hut,
          uniq_ijyb

Skill      XL: |  1  2  3  4  5  6 |
---------------+-------------------+-----
Fighting       | 4 5 |  5.5
Armour         | 4 5 |  5.5
Shields        | 4 5 |  5.5
Maces & Flails | 3 4 |  4.4

Action                     |  1- 3 |  4- 6 |  7- 9 || total
---------------------------+-------+-------+-------++-------
  Melee: Flail             |   154 |   186 |    19 ||   359
         Whip              |       |       |    59 ||    59
    Use: Scroll            |       |       |    10 ||    10
 Armour: Scale mail        |   135 |    18 |       ||   153
         Chain mail        |       |   165 |    43 ||   208
  Dodge: Dodged            |    91 |   112 |    24 ||   227
  Block: Buckler           |    45 |    50 |    23 ||   118

Table legend: (Time is in decaauts)
 A = Elapsed time spent in this place.
 B = Non-inter-level travel time spent in this place.
 C = Inter-level travel time spent in this place.
 D = Time resting spent in this place.
 E = Time spent auto-exploring this place.
 F = Levels seen in this place.
 G = Mean time per level.
                   A        B        C        D        E       F      G
               +--------+--------+--------+--------+--------+-----+--------+
         Total |   3834 |   3732 |    102 |    131 |   2688 |   5 |  766.8 |
       Dungeon |   3834 |   3732 |    102 |    131 |   2688 |   5 |  766.8 |
               +--------+--------+--------+--------+--------+-----+--------+

Top non-repeatable levels by time:
     D:2: 1046 daAuts
     D:4: 1001 daAuts
     D:3: 876 daAuts
     D:1: 741 daAuts
     D:5: 168 daAuts
